 Dungeon Crawl Stone Soup version 0.27.0-65-ge2af304b15 (webtiles) character file.

Game seed: 15483282806955308928

2641 mrzisme the Destroyer (level 9, -3/46 HPs)
             Began as a Deep Elf Conjurer on Aug 19, 2021.
             Hit by a boomerang thrown by an orc warrior (15 damage)
             ... on level 6 of the Dungeon.
             The game lasted 00:27:32 (6478 turns).

mrzisme the Destroyer (Deep Elf Conjurer)           Turns: 6478, Time: 00:27:33

Health: -3/46      AC:  5    Str:  4    XL:     9   Next: 35%
Magic:  5/24       EV: 12    Int: 27    God:
Gold:   297        SH:  0    Dex: 13    Spells: 13/27 levels left

rFire    + . .     SeeInvis .   f - +0 short sword
rCold    + . .     Faith    .   (no shield)
rNeg     . . .     Spirit   .   m - +0 robe {rC+ rF+}
rPois    .         Reflect  .   I - +1 helmet
rElec    .         Harm     .   (no cloak)
rCorr    .         Rampage  .   (no gloves)
Will     .....                  r - +0 pair of boots
Stlth    ++........             C - amulet of magic regeneration
HPRegen  0.15/turn              (no ring)
MPRegen  0.44/turn              (no ring)

@: no status effects
A: no striking features
a: no special abilities


You were on level 6 of the Dungeon.
You visited 1 branch of the dungeon, and saw 6 of its levels.

You collected 297 gold pieces.

Inventory:

Hand Weapons
 d - a +0 club
 f - a +0 short sword (weapon)
 F - a +1 dagger of speed
Missiles
 g - 16 poisoned darts (quivered)
Armour
 a - a +0 robe
 h - a +2 buckler
 m - a +0 robe of resistance (worn)
 r - a +0 pair of boots (worn)
 E - a +0 pair of boots
 I - a +1 helmet (worn)
 J - a +1 robe of willpower
Jewellery
 b - a ring of ice
 l - an amulet of regeneration
 C - an amulet of magic regeneration (around neck)
Wands
 o - a wand of paralysis (10)
 s - a wand of acid (7)
 y - a wand of charming (5)
 H - a wand of flame (10)
Scrolls
 k - a scroll of magic mapping
 n - 3 scrolls of teleportation
 p - a scroll of brand weapon {unknown}
 u - a scroll of noise {unknown}
 w - a scroll of enchant armour {unknown}
 x - 2 scrolls of fear {unknown}
 z - a scroll of fog {unknown}
 B - a scroll of blinking {unknown}
 G - 3 scrolls of vulnerability {unknown}
Potions
 c - a potion of cancellation
 e - a potion of might
 i - a potion of resistance
 j - 2 potions of haste
 q - 2 potions of lignification
 t - a potion of attraction {unknown}
 v - a potion of invisibility
 A - a potion of berserk rage {unknown}
 D - a potion of heal wounds {unknown}


   Skills:
 + Level 0.9 Fighting
 - Level 2.4 Dodging
 - Level 2.4 Stealth
 + Level 9.9 Spellcasting
 * Level 11.9 Conjurations


You had 13 spell levels left.
You knew the following spells:

 Your Spells              Type           Power      Damage    Failure   Level
a - Magic Dart            Conj           100%       1d8       1%          1
b - Searing Ray           Conj           100%       3d7       1%          2
c - Dazzling Flash        Conj/Hex       90%        N/A       1%          3
d - Iskenderun's Mystic   Conj/Tloc      45%        2d10      3%          4
e - Fulminant Prism       Conj/Hex       22%        3d13      3%          4

Your spell library contained the following spells:

 Spells                   Type           Power      Damage    Failure   Level
 Sandblast                Erth           26%        2d8       4%          1
 Passwall                 Tmut/Erth      10%        N/A       7%          2
 Lee's Rapid Deconstruct  Erth           6%         3d7*      77%         5


Dungeon Overview and Level Annotations

Branches:
Dungeon (6/15)
 Temple: D:4-7

Altars:
Fedhas
Okawaru
Zin

Annotations:
D:6 2 transporters


Message History

Things that are here:
a +0 dagger; a +1 robe of willpower; an orc corpse
Things that are here:
a +0 dagger; a +0 robe
Things that are here:
a +0 dagger; a +1 robe of willpower; an orc corpse
J - a +1 robe of willpower
Things that are here:
a +0 dagger; a +0 robe An orc warrior comes into view.
It is wielding a +0 morningstar.
The orc warrior shouts!
Casting: Searing Ray (safe; 1% risk of failure)
Confirm with . or Enter, or press ? or * to list all spells.
You can't see any susceptible monsters within range! (Use Z to cast anyway.)
Casting: Searing Ray (safe; 1% risk of failure)
Confirm with . or Enter, or press ? or * to list all spells.
Aiming: Magic Dart (safe; 1% risk of failure)
Press: ? - help, Shift-Dir - straight line, f - orc warrior
Aim: an orc warrior, wielding a +0 morningstar, wearing a +0 plate armour and quivering boomerangs (100% to hit)
The magic dart hits the orc warrior but does no damage.
Casting: Magic Dart (safe; 1% risk of failure)
Confirm with . or Enter, or press ? or * to list all spells.
You can't see any susceptible monsters within range! (Use Z to cast anyway.)
Casting: Magic Dart (safe; 1% risk of failure)
Confirm with . or Enter, or press ? or * to list all spells.
Aiming: Magic Dart (safe; 1% risk of failure)
Press: ? - help, Shift-Dir - straight line, f/p - orc warrior
Aim: an orc warrior, wielding a +0 morningstar, wearing a +0 plate armour and quivering boomerangs (100% to hit)
The magic dart hits the orc warrior.
The orc warrior is lightly wounded.
An orc wizard comes into view. It is wielding a +0 dagger.
Casting: Magic Dart (safe; 1% risk of failure)
Confirm with . or Enter, or press ? or * to list all spells.
You erupt in a blast of force!
The mystic blast hits the orc warrior.
The orc warrior is moderately wounded.
The orc warrior is knocked back by the mystic blast.
The orc warrior throws a boomerang.
The boomerang hits you!
* * * LOW HITPOINT WARNING * * *
The orc warrior throws a boomerang.
The boomerang hits you!
You die...

#....#..##.#########.#
#.#.#..##.# #.# #....[.##.#
#.# #.....:##.# #.#
#....o.##.# #.. ###.....###.#
### ........# #.#
#######.###.########
#..))@............#
#.###############.#
##.#8P#;;≈≈≈≈≈#P8#.####
####..#..#.......#..#.....
....©#©/+...♣...+)©#©..## #.
#.#..#..#.......#..#..## #.
##.##.#8P#;≈≈≈≈≈≈#P8#.##
#.##...#.###############.####
#.#.# #..................##..


You could see an orc warrior and 3 electric eels.

Vanquished Creatures
  The ghost of SkeletonJelly the Spear-Bearer, a novice DrMo of Ru (D:5)
  Sigmund (D:2)
  A steam dragon (D:6)
  3 water moccasins
  4 necrophages
  An ogre (D:6)
  A phantom (D:5)
  A gnoll sergeant (D:6)
  A scorpion (D:6)
  2 water moccasin zombies
  A centaur zombie (D:5)
  4 bullfrog zombies
  A jelly (D:6)
  A hound (D:5)
  6 orc priests
  A bullfrog skeleton (D:5)
  5 iguanas
  4 orc wizards
  2 scorpion zombies (D:4)
  A hound skeleton (D:5)
  3 hound zombies
  A howler monkey zombie (D:6)
  Robin (D:3)
  5 adders
  3 gnolls (D:6)
  2 ufetubi
  2 adder zombies (D:4)
  3 adder skeletons (D:4)
  2 worms
  A dart slug (D:3)
  18 orcs
  9 bats
  8 endoplasms
  3 giant cockroaches
  18 goblins
  3 hobgoblins
  16 jackals
  2 quokkas (D:1)
  6 ball pythons
  3 frilled lizards
  5 kobolds
  5 rats
161 creatures vanquished.

Vanquished Creatures (others)
  An orc wizard (D:6)
  A fulminant prism (D:5)
  10 plants (D:5)
12 creatures vanquished.

Grand Total: 173 creatures vanquished

Notes
Turn   | Place    | Note
-------+----------+-------------------------------------------
     0 | D:1      | mrzisme the Deep Elf Conjurer began the quest for the Orb.
     0 | D:1      | Reached XP level 1. HP: 10/10 MP: 6/6
   372 | D:1      | Found a faded altar of an unknown god.
   425 | D:1      | Reached XP level 2. HP: 5/15 MP: 2/8
   881 | D:1      | Reached skill level 5 in Conjurations
   884 | D:1      | Learned a level 2 spell: Searing Ray
  1419 | D:1      | Reached XP level 3. HP: 18/19 MP: 7/10
  2046 | D:2      | Noticed Sigmund
  2055 | D:2      | Killed Sigmund
  2056 | D:2      | Reached skill level 5 in Spellcasting
  2056 | D:2      | Reached skill level 6 in Conjurations
  2056 | D:2      | Reached XP level 4. HP: 16/24 MP: 1/13
  2056 | D:2      | Reached XP level 5. HP: 19/28 MP: 1/14
  2916 | D:3      | Reached skill level 7 in Conjurations
  2921 | D:3      | Reached XP level 6. HP: 32/32 MP: 4/16
  3016 | D:3      | Noticed Robin
  3021 | D:3      | Killed Robin
  4171 | D:4      | Found an iron altar of Okawaru.
  4189 | D:4      | Reached skill level 8 in Conjurations
  4285 | D:4      | Reached XP level 7. HP: 36/36 MP: 14/18
  4796 | D:4      | Learned a level 3 spell: Dazzling Flash
  4801 | D:4      | Learned a level 4 spell: Iskenderun's Mystic Blast
  4806 | D:4      | Learned a level 4 spell: Fulminant Prism
  4808 | D:5      | Entered Level 5 of the Dungeon
  4872 | D:5      | Reached skill level 9 in Conjurations
  4959 | D:5      | Found a runed translucent gate.
  4959 | D:5      | Found a runed translucent gate.
  4959 | D:5      | Found a runed translucent gate.
  4965 | D:5      | Noticed SkeletonJelly's ghost (novice DrMo)
  5067 | D:5      | Found a blossoming altar of Fedhas.
  5094 | D:5      | Reached XP level 8. HP: 41/41 MP: 16/21
  5110 | D:5      | Reached skill level 10 in Conjurations
  5730 | D:5      | Killed SkeletonJelly's ghost
  5731 | D:5      | Reached skill level 11 in Conjurations
  5893 | D:6      | Reached XP level 9. HP: 36/45 MP: 13/24
  6086 | D:6      | Found a transporter.
  6095 | D:6      | Found a transporter.
  6209 | D:6      | Found a glowing silver altar of Zin.
  6478 | D:6      | Hit by a boomerang thrown by an orc warrior

Illustrated notes

Levels and vault maps discovered:
D:1:      zelgadis_glass_arrival_small, layout_basic,
          shapermc_ecumenical_altar_mp_urbaneastern
D:2:      layout_loops_corners, minmay_split_cup_large, uniq_sigmund
D:3:      layout_basic, dk_noncrumbling_2, uniq_robin
D:4:      layout_rooms, mainiacjoe_overflow_cross_hatched, serial_undead,
          serial_undead_c, serial_undead_b, serial_undead_a, serial_undead_a
D:5:      layout_basic, fedhas_altar_decomposition, gammafunk_ghost_necromancy
D:6:      gammafunk_steamed_eel, layout_loops_ring, zin_scriptorium

Skill      XL: |  1  2  3  4  5  6  7  8 |
---------------+-------------------------+-----
Conjurations   | 5 6 7 8 9 11 | 11.9
Spellcasting   | 5 6 7 9 |  9.9
Fighting       | |  0.9
Dodging        | |  2.4
Stealth        | |  2.4

Action                   |  1- 3 |  4- 6 |  7- 9 || total
-------------------------+-------+-------+-------++-------
Melee: Club              |     2 |       |       ||     2
       Short sword       |       |       |     8 ||     8
 Cast: Magic Dart        |    83 |    86 |    96 ||   265
       Searing Ray       |     1 |    10 |    37 ||    48
       Iskenderun's Myst |       |       |    15 ||    15
       Fulminant Prism   |       |       |     1 ||     1
  Use: Scroll            |       |       |     8 ||     8
       Potion            |       |       |     1 ||     1
Armor: Robe              |     1 |     4 |     8 ||    13
Dodge: Dodged            |    22 |     9 |    25 ||    56
